 Dungeon Crawl Stone Soup version 0.18.1-5-g4a78601 (webtiles) character file.

6005 Geppetto the Cruncher (level 11, -9/84 HPs)
             Began as a Formicid Fighter on May 10, 2016.
             Was a Follower of Cheibriados.
             Mangled by a wyvern (13 damage)
             ... on level 8 of the Dungeon.
             The game lasted 01:07:17 (8734 turns).

Geppetto the Cruncher (Formicid Fighter)            Turns: 8734, Time: 01:07:18

Health: -9/84      AC: 10    Str: 25    XL:     11   Next: 10%
Magic:  17/20      EV:  9    Int: 11    God:    Cheibriados [*.....]
Gold:   487        SH: 11    Dex: 12    Spells: 1 memorised, 21 levels left

rFire  . . .     SeeInvis +     k - +4 quarterstaff (chaos)
rCold  + . .     Gourm    .     z - +2 scale mail {rC+}
rNeg   . . .     Faith    .     c - +0 shield
rPois  .         Spirit   .     (helmet unavailable)
rElec  .         Dismiss  .     (no cloak)
rCorr  .         Reflect  .     (no gloves)
SustAt .         Harm     .     y - +0 pair of boots
MR     +....                    (no amulet)
Stlth  ..........               (no ring)
                                (no ring)

@: very slow, somewhat resistant to hostile enchantments, extremely unstealthy
A: permanent stasis, dig shafts and tunnels, four strong arms, antennae 3
a: Dig, Shaft Self, Bend Time, Renounce Religion


You were on level 8 of the Dungeon.
You worshipped Cheibriados.
Cheibriados was aware of your devotion.
You were not hungry.

You visited 2 branches of the dungeon, and saw 10 of its levels.

You collected 487 gold pieces.

Inventory:

Hand Weapons
 k - a +4 quarterstaff of chaos (weapon)
Armour
 c - a +0 shield (worn)
 y - a +0 pair of boots (worn)
 z - a +2 scale mail of cold resistance (worn)
Wands
 a - a wand of paralysis (8/24)
 e - a wand of disintegration (15/24)
 r - a wand of random effects (38/48)
 t - a wand of acid (0/15)
 x - a wand of polymorph (14/24)
Scrolls
 i - 6 scrolls of remove curse
 l - a scroll of fog
 w - a scroll of identify
 A - a scroll of magic mapping
Potions
 d - 3 potions of might
 g - a potion of brilliance
 j - 9 potions of curing
 m - 4 potions of lignification
 n - a potion of cure mutation
 o - a potion of mutation
 p - 2 potions of heal wounds
 q - a potion of resistance
 u - a potion of flight
 B - 2 potions of ambrosia
 F - 2 potions of degeneration
Books
 s - a book of Cantrips

   Spells                             Type                      Level
   a - Corona                         Hexes                        1
   b - Animate Skeleton               Necromancy                   1
   c - Summon Small Mammal            Summoning                    1
   d - Apportation                    Translocation                1
 v - Lyoxkutz's Guide on Hurtful Calling
   (You acquired it on level 6 of the Dungeon)

   Spells                             Type                      Level
   a - Summon Mana Viper              Hexes/Summoning              5
   b - Summon Forest                  Summoning/Translocation      5
   c - Delayed Fireball               Conjuration/Fire             7
   d - Summon Hydra                   Summoning                    7
Comestibles
 b - 3 slices of pizza
 f - 6 bread rations
 h - 5 meat rations
 E - a fruit


   Skills:
 - Level 7.3 Fighting
   Level 4.4 Long Blades
 * Level 8.0 Staves
 - Level 5.8 Armour
 + Level 0.1 Dodging
 - Level 6.5 Shields
 - Level 6.1 Spellcasting
 - Level 7.5 Hexes
 - Level 5.0 Invocations


You had 21 spell levels left.
You knew the following spells:

 Your Spells              Type           Power        Failure   Level  Hunger
a - Corona                Hex            ###....      3%          1    None


Dungeon Overview and Level Annotations

Branches:
Dungeon (9/15)             Temple (1/1) D:6
   Lair: D:8-11         Orc: D:9-12

Altars:
Ashenzari
Cheibriados
Dithmenos
Elyvilon
Fedhas
Gozag
Kikubaaqudgha
Makhleb
Nemelex Xobeh
Okawaru
Pakellas
Qazlal
Ru
Sif Muna
Trog
Vehumet
Xom
Yredelemnul
Zin
The Shining One

Shops:
D:6 }   D:8 :


Innate Abilities, Weirdness & Mutations

You are under a permanent stasis effect.
You can dig through walls and to a lower floor.
Your four strong arms can wield two-handed weapons with a shield.
You have a pair of large antennae on your head (SInv).


Message History

Your Staves skill increases to level 8!
You block the wyvern's attack. You block the troll's attack. x2
The troll claws you! The wyvern bites you. The troll bites you!
The troll barely misses you. The troll claws you!
Found a scroll of enchant weapon.
You see here a bread ration.
You block the wyvern's attack. The troll bites you!
* * * LOW HITPOINT WARNING * * *
The troll barely misses you. The troll claws you but does no damage.
There is a stone staircase leading up, spattered with blood here.
The wyvern bites you!
* * * LOW HITPOINT WARNING * * *
You block the wyvern's attack. The troll bites you!
* * * LOW HITPOINT WARNING * * *
You block the troll's attack. x2
You climb upwards.
There is a stone staircase leading down here.
The wyvern bites you!
You die...

..##..######### #.#
.###..########## #.#
...............# #.#
####..########.# #.#
#..# #.# #.# ##.# #.#
#.# ##.## #.#######.#
#...#######.#l>T..(.#
#............@#######
#...#######.###
#####.## #.# ......#
#.# ...###########.#
##.............#
################ #


You could see a troll and a wyvern.

Vanquished Creatures
  Erolcha (D:8)
  Pikel (D:4)
  The ghost of incide the Ruffian, a novice NaTm of Cheibriados (D:6)
  A centaur zombie (D:8)
  The ghost of bollicks1999 the Covert, a novice OpAs (D:5)
  Prince Ribbit (D:5)
  Sigmund (D:3)
  A wyvern (D:8)
  A hippogriff (D:8)
  Menkaure (D:4)
  Edmund (D:4)
  3 hounds
  4 sky beasts
  Duvessa (D:5)
  An orc warrior (D:6)
  A slave (D:4)
  An ice beast (D:8)
  3 phantoms
  3 ogres
  2 big kobolds (D:8)
  2 giant frogs
  Dowan (D:5)
  A scorpion (D:8)
  5 wights (D:7)
  A howler monkey (D:8)
  4 crimson imps
  A wasp zombie (D:6)
  4 orc priests
  2 giant frog skeletons
  4 orc wizards
  2 centaur skeletons (D:5)
  A giant frog zombie (D:5)
  A gnoll shaman (D:5)
  A jelly (D:7)
  Crazy Yiuf (D:2)
  An iguana (D:6)
  6 worker ants
  A hound zombie (D:6)
  A worker ant zombie (D:8)
  7 adders
  4 gnolls (D:5)
  A shadow imp (D:6)
  2 oozes
  3 worms
  3 dart slugs (D:1)
  6 giant geckos
  30 orcs
  5 bats
  3 giant cockroaches
  6 goblins
  2 hobgoblins
  11 jackals
  16 kobolds
  2 quokkas
  2 ball pythons
  2 giant gecko skeletons
  A giant newt (D:2)
  A quokka skeleton (D:5)
  6 rats
183 creatures vanquished.

Vanquished Creatures (collateral kills)
  An orc (D:5)
1 creature vanquished.

Vanquished Creatures (others)
  2 slaves (D:4)
  A hound (D:4)
  A hound zombie (D:7)
  A jackal skeleton (D:4)
5 creatures vanquished.

Grand Total: 189 creatures vanquished

Notes
Turn   | Place    | Note
--------------------------------------------------------------
     0 | D:1      | Geppetto the Formicid Fighter began the quest for the Orb.
     0 | D:1      | Reached XP level 1. HP: 18/18 MP: 1/1
   199 | D:1      | Reached XP level 2. HP: 22/24 MP: 2/2
   524 | D:1      | Reached XP level 3. HP: 29/29 MP: 3/3
  1620 | D:2      | Reached XP level 4. HP: 35/35 MP: 4/4
  1732 | D:2      | Noticed Crazy Yiuf
  1737 | D:2      | Killed Crazy Yiuf
  2186 | D:2      | Reached skill level 1 in Staves
  2344 | D:3      | Found a glowing golden altar of the Shining One.
  2394 | D:3      | Reached XP level 5. HP: 41/41 MP: 5/5
  2568 | D:3      | Reached skill level 2 in Staves
  2576 | D:3      | Noticed Sigmund
  2929 | D:3      | Killed Sigmund
  2929 | D:3      | Reached skill level 4 in Staves
  2929 | D:3      | Reached XP level 6. HP: 32/47 MP: 6/6
  3321 | D:4      | Noticed Edmund
  3331 | D:4      | Killed Edmund
  3331 | D:4      | Reached skill level 5 in Staves
  3331 | D:4      | Reached XP level 7. HP: 48/52 MP: 7/7
  3373 | D:4      | Noticed Pikel
  3395 | D:4      | Killed Pikel
  3395 | D:4      | Reached skill level 7 in Staves
  3395 | D:4      | Reached XP level 8. HP: 54/58 MP: 8/8
  3454 | D:4      | Noticed Menkaure
  3503 | D:4      | Killed Menkaure
  4104 | D:4      | Learned a level 1 spell: Corona
  4565 | D:4      | Reached skill level 1 in Hexes
  4648 | D:5      | Entered Level 5 of the Dungeon
  4648 | D:5      | Noticed bollicks1999's ghost (novice OpAs)
  4721 | D:5      | Killed bollicks1999's ghost
  4721 | D:5      | Reached XP level 9. HP: 66/67 MP: 8/12
  4763 | D:5      | Noticed Duvessa
  4770 | D:5      | Noticed Dowan
  4770 | D:5      | Killed Duvessa
  4773 | D:5      | Killed Dowan
  4792 | D:5      | Noticed Prince Ribbit
  4941 | D:5      | Reached skill level 5 in Hexes
  5205 | D:5      | Killed Prince Ribbit
  5306 | D:6      | Noticed incide's ghost (novice NaTm)
  5316 | D:6      | Killed incide's ghost
  5316 | D:6      | Reached skill level 5 in Spellcasting
  5316 | D:6      | Reached XP level 10. HP: 73/73 MP: 16/18
  5344 | D:6      | Identified a scroll of acquirement
  5345 | D:6      | Identified Lyoxkutz's Guide on Hurtful Calling (You acquired it on level 6 of the Dungeon)
  6015 | D:6      | Reached skill level 5 in Fighting
  6078 | D:6      | Found a staircase to the Ecumenical Temple.
  6102 | Temple   | Entered the Ecumenical Temple
  6297 | Temple   | Became a worshipper of Cheibriados the Contemplative
  6360 | D:6      | Found Yqiug's Gadget Shoppe.
  6784 | D:7      | Reached skill level 5 in Shields
  6899 | D:7      | Was placed under penance by Cheibriados
  6902 | D:7      | Was forgiven by Cheibriados
  7345 | D:7      | Reached * piety under Cheibriados
  7519 | D:7      | Found a sparkling altar of Nemelex Xobeh.
  7554 | D:7      | Found an oddly glowing altar of Pakellas.
  7723 | D:8      | Reached skill level 1 in Invocations
  7922 | D:8      | Noticed Erolcha
  7931 | D:8      | Was placed under penance by Cheibriados
  7935 | D:8      | Killed Erolcha
  7935 | D:8      | Was forgiven by Cheibriados
  7935 | D:8      | Reached skill level 5 in Armour
  8083 | D:8      | Was placed under penance by Cheibriados
  8087 | D:8      | Was forgiven by Cheibriados
  8087 | D:8      | Reached XP level 11. HP: 80/84 MP: 20/20
  8096 | D:8      | Found Mavvalaz's Book Emporium.
  8562 | D:8      | Reached skill level 5 in Invocations
  8655 | D:8      | Was placed under penance by Cheibriados
  8656 | D:8      | Was forgiven by Cheibriados
  8729 | D:9      | Reached skill level 8 in Staves
  8732 | D:9      | HP: 4/84 [troll (10)]
  8734 | D:8      | Mangled by a wyvern

Skill      XL: |  1  2  3  4  5  6  7  8  9 10 11 |
---------------+----------------------------------+-----
Long Blades    | 3 4 |  4.4
Staves         | 1 4 5 7 8 |  8.0
Shields        | 4 6 |  6.5
Fighting       | 4 7 |  7.3
Hexes          | 3 6 7 |  7.5
Spellcasting   | 2 5 6 |  6.1
Armour         | 5 |  5.8
Invocations    | 4 5 |  5.0
Dodging        | |  0.1

Action                   |  1- 3 |  4- 6 |  7- 9 | 10-12 || total
-------------------------+-------+-------+-------+-------++-------
Melee: Long sword        |    81 |     6 |       |       ||    87
       Quarterstaff      |       |    71 |   166 |   270 ||   507
 Cast: Corona            |       |       |       |    27 ||    27
Invok: Bend Time         |       |       |       |     2 ||     2
 Abil: Dig               |       |       |       |     1 ||     1
Evoke: Wand              |       |     3 |     8 |       ||    11
  Use: Scroll            |     8 |     3 |     6 |    11 ||    28
 Stab: Paralysed         |       |     3 |     4 |       ||     7
       Confused          |       |       |       |     3 ||     3
  Eat: Chunk             |     2 |     5 |     7 |     9 ||    23
       Fruit             |       |       |       |     1 ||     1
Armor: Scale mail        |    35 |     6 |       |    60 ||   101
       Chain mail        |       |    15 |    45 |     2 ||    62
       Plate armour      |       |       |       |     1 ||     1
Dodge: Dodged            |    17 |    18 |    22 |    73 ||   130
Block: Shield            |    52 |    32 |    53 |   121 ||   258
